 Dungeon Crawl Stone Soup version 0.19.1 (webtiles) character file.

4834 Gargo the Thaumaturge (level 10, -7/56 HPs)
             Began as a Gargoyle Earth Elementalist on Dec 5, 2016.
             Was a Believer of Vehumet.
             Mangled by a minotaur
             ... wielding a +2 iron rod (0/10)
              (18 damage)
             ... in a labyrinth.
             The game lasted 01:06:20 (10677 turns).

Gargo the Thaumaturge (GrEE)                       Turns: 10677, Time: 01:06:23

Health: -7/56      AC: 15    Str: 12    XL:     10   Next: 49%
Magic:  1/22       EV: 13    Int: 19    God:    Vehumet [**....]
Gold:   432        SH:  0    Dex: 10    Spells: 3 memorised, 16 levels left

rFire  . . .     SeeInvis .     a - +2 whip (flame)
rCold  + . .     Gourm    .     j - +0 robe {MR+}
rNeg   + . .     Faith    .     (no shield)
rPois  ∞         Spirit   .     x - +0 helmet
rElec  +         Reflect  .     J - +0 cloak
rCorr  .         Harm     .     D - +1 pair of gloves
MR     +....                    (no boots)
Stlth  ++........               (no amulet)
                                y - ring of protection from cold
                                q - +2 ring of protection

@: very slightly contaminated
A: negative energy resistance 1, electricity resistance, unbreathing,
petrification resistance, rot immunity, AC +7
a: Renounce Religion


You were in a labyrinth.
You worshipped Vehumet.
Vehumet was pleased with you.
You were hungry.

You visited 3 branches of the dungeon, and saw 10 of its levels.
You also visited: Labyrinth.

You collected 503 gold pieces.
You spent 71 gold pieces at shops.

Inventory:

Hand Weapons
 a - a +2 whip of flaming (weapon)
 h - a +0 flail
 n - a +0 flail of draining
 G - a +2 flail of crushing
 I - a +2 quarterstaff of chaos
Missiles
 b - 77 stones (quivered)
Armour
 c - a +0 robe
 e - a +0 shield
 j - a +0 robe of magic resistance (worn)
 w - a +0 cloak
 x - a +0 helmet (worn)
 D - a +1 pair of gloves (worn)
 F - a +0 pair of gloves
 J - a +0 cloak (worn)
Jewellery
 d - an uncursed ring of flight
 q - a +2 ring of protection (left hand)
 y - a ring of protection from cold (right hand)
 M - an uncursed ring of teleportation
Wands
 l - a wand of flame (22/48)
 m - a wand of lightning (0/15)
 H - a wand of digging (9/24)
 N - a wand of flame (18/48)
 O - a wand of digging (10/24)
Scrolls
 k - 2 scrolls of blinking
 p - 4 scrolls of identify
 z - a scroll of fear {unknown}
 B - a scroll of teleportation
 L - a scroll of amnesia {unknown}
 Q - a scroll of enchant armour {unknown}
Potions
 f - 2 potions of mutation
 i - a potion of heal wounds {unknown}
 o - a potion of haste {unknown}
 r - 2 potions of lignification
 s - a potion of flight {unknown}
 u - a potion of curing
 v - a potion of degeneration
 E - a potion of magic {unknown}
 K - 2 potions of resistance
Books
 C - a book of Maledictions

   Spells                             Type                      Level
   a - Corona                         Hexes                        1
   b - Ensorcelled Hibernation        Hexes/Ice                    2
   c - Confuse                        Hexes                        3
   d - Tukima's Dance                 Hexes                        3
   e - Dazzling Spray                 Conjuration/Hexes            3
Comestibles
 g - a meat ration
 t - 3 bread rations
 P - a fruit


   Skills:
 + Level 4.0 Fighting
   Level 0.1 Short Blades
 + Level 3.4 Maces & Flails
 + Level 4.3 Armour
 + Level 3.8 Dodging
 - Level 2.1 Stealth
 + Level 3.7 Shields
 * Level 8.0 Spellcasting
 + Level 6.3 Conjurations
   Level 0.7 Transmutations
 + Level 7.7 Earth Magic
 + Level 2.7 Evocations


You had 16 spell levels left.
You knew the following spells:

 Your Spells              Type           Power        Failure   Level  Hunger
a - Sandblast             Erth           #####.       1%          1    None
b - Lee's Rapid Deconstr  Erth           #####.....   12%         5    #####..
A - Stone Arrow           Conj/Erth      ####..       1%          3    None


Dungeon Overview and Level Annotations

Branches:
Dungeon (8/15)             Temple (1/1) D:4            Lair (1/6) D:8

Altars:
Cheibriados
Dithmenos
Elyvilon
Hepliaklqana
Makhleb
Nemelex Xobeh
Okawaru
Qazlal
Trog
Vehumet
Xom
Zin
The Shining One

Shops:
D:5 !   D:7 :


Innate Abilities, Weirdness & Mutations

You are resistant to torment.
Your stone body is resilient. (AC +7)
You are immune to poison.
You resist negative energy. (rN+)
You are resistant to electric shocks. (rElec)
You can survive without breathing.
You are immune to petrification.
You are immune to rotting.


Message History

Aim: a minotaur, wielding an iron rod, wearing swamp dragon scales and wearing a glowing ivory ring (severely wounded, unusually resistant)
The stone arrow hits the minotaur.
The minotaur is almost dead.
The minotaur hits you but does no damage.
The minotaur misses you. The minotaur hits you with an iron rod.
The minotaur gores you!
Your +2 whip of flaming bursts into flame!
a - a +2 whip of flaming (weapon)
The minotaur hits you but does no damage.
The minotaur gores you!
You feel better. The minotaur barely misses you.
The minotaur gores you but does no damage.
The minotaur misses you. The minotaur closely misses you.
You barely miss the minotaur.
The minotaur furiously retaliates!
The minotaur headbutts you, but does no damage.
The minotaur is severely wounded.
The minotaur hits you with an iron rod. The minotaur gores you!
* * * LOW HITPOINT WARNING * * *
The minotaur hits you with an iron rod!!
You die...

## .. .# # ####
# #.# #.# . .
###.###.#.#####
#. #.... ..# .
.. .. ###...
........# .
#....## #####. .
# .#.####@# [8[
.8#..###
.......H# .....
'..# ######..#
8.8 ..#.###
#..##### ###...
. .
#............
###.# #.....#..
......#.#
#.###.#####.#.#.
#. ...#. #.#..
##### ###.## ##
#


You could see a minotaur.

Vanquished Creatures
  Pikel (D:5)
  A black mamba (Lair:1)
  A hornet (D:8)
  The ghost of Philosophy the Shield-Bearer, an amateur FoFi (D:3)
  A two-headed ogre (D:7)
  Grinder (D:4)
  Sigmund (D:2)
  A basilisk (D:8)
  Menkaure (D:6)
  Edmund (D:5)
  Duvessa (D:4)
  4 porcupines
  A phantom (D:7)
  An ogre (D:8)
  A centaur (D:6)
  5 crocodiles (D:8)
  2 big kobolds
  A bullfrog (D:7)
  A gnoll sergeant (D:4)
  Dowan (D:4)
  3 killer bees (D:7)
  3 crimson imps
  A quasit (D:6)
  A jelly (D:5)
  An orc priest (D:5)
  2 orc wizards
  A bullfrog skeleton (D:5)
  2 hounds
  3 centaur skeletons
  Crazy Yiuf (D:7)
  Natasha (D:2)
  9 iguanas
  4 worker ants
  A killer bee zombie (D:8)
  An ogre skeleton (Lab)
  A hound skeleton (D:5)
  A worker ant zombie (D:5)
  6 gnolls
  10 adders
  A river rat (D:8)
  A shadow imp (D:8)
  2 oozes
  An adder zombie (D:5)
  2 adder skeletons
  4 worms
  5 leopard geckos
  28 orcs
  6 ball pythons
  9 bats
  6 giant cockroaches
  8 goblins
  6 hobgoblins
  9 jackals
  14 kobolds
  4 quokkas
  A ball python skeleton (D:4)
  7 frilled lizards
  A leopard gecko skeleton (D:6)
  2 quokka skeletons
  9 rats
206 creatures vanquished.

Vanquished Creatures (others)
  2 slaves
  A centaur (D:5)
  A worker ant (D:5)
  An adder zombie (D:5)
  3 plants (D:8)
8 creatures vanquished.

Grand Total: 214 creatures vanquished

Notes
Turn   | Place    | Note
-------+----------+-------------------------------------------
     0 | D:1      | Gargo the Gargoyle Earth Elementalist began the quest for the Orb.
     0 | D:1      | Reached XP level 1. HP: 10/10 MP: 3/3
   320 | D:1      | Reached XP level 2. HP: 6/15 MP: 0/5
  1232 | D:1      | Reached XP level 3. HP: 19/19 MP: 0/7
  1238 | D:1      | Reached skill level 3 in Spellcasting
  1243 | D:1      | Learned a level 3 spell: Stone Arrow
  1914 | D:2      | Found a burning altar of Makhleb.
  2014 | D:2      | Reached XP level 4. HP: 24/24 MP: 5/9
  2162 | D:2      | Noticed Sigmund
  2836 | D:2      | Noticed Natasha
  2844 | D:2      | Killed Natasha
  2945 | D:2      | Reached skill level 1 in Conjurations
  2990 | D:2      | Reached XP level 5. HP: 28/28 MP: 4/10
  3036 | D:2      | Killed Sigmund
  3036 | D:2      | Reached skill level 4 in Spellcasting
  3036 | D:2      | Reached skill level 5 in Earth Magic
  3036 | D:2      | Reached XP level 6. HP: 29/32 MP: 2/13
  3090 | D:3      | Noticed Philosophy's ghost (amateur FoFi)
  4147 | D:3      | Killed Philosophy's ghost
  4147 | D:3      | Reached skill level 5 in Spellcasting
  4147 | D:3      | Reached XP level 7. HP: 20/36 MP: 0/15
  4154 | D:3      | Learned a level 5 spell: Lee's Rapid Deconstruction
  4584 | D:5      | Entered Level 5 of the Dungeon
  4879 | D:3      | Found a shimmering altar of Xom.
  4881 | D:3      | Found a stormy altar of Qazlal.
  4881 | D:3      | Found a white marble altar of Elyvilon.
  4883 | D:3      | Found a glowing silver altar of Zin.
  4883 | D:3      | Found a hazy altar of Hepliaklqana.
  4883 | D:3      | Found a glowing silver altar of Zin.
  5136 | D:4      | Found a staircase to the Ecumenical Temple.
  5142 | Temple   | Entered the Ecumenical Temple
  5197 | Temple   | Became a worshipper of Vehumet
  5237 | D:4      | Reached skill level 6 in Spellcasting
  5329 | D:4      | Reached skill level 1 in Armour
  5329 | D:4      | Reached XP level 8. HP: 11/42 MP: 0/17
  5555 | D:4      | Found a stormy altar of Qazlal.
  5634 | D:4      | Noticed Grinder
  5635 | D:4      | Noticed Dowan
  5648 | D:4      | Killed Grinder
  5648 | D:4      | Reached skill level 1 in Fighting
  5657 | D:4      | Noticed Duvessa
  5797 | D:4      | Killed Duvessa
  5797 | D:4      | Reached skill level 1 in Shields
  5867 | D:4      | Killed Dowan
  5867 | D:4      | Reached skill level 1 in Maces & Flails
  6378 | D:5      | Noticed Pikel
  6388 | D:5      | Killed Pikel
  6388 | D:5      | Reached XP level 9. HP: 38/48 MP: 0/19
  6620 | D:6      | Reached * piety under Vehumet
  6620 | D:6      | Offered knowledge of Freeze by Vehumet.
  6620 | D:6      | Reached skill level 7 in Spellcasting
  6620 | D:6      | Reached skill level 5 in Conjurations
  6898 | D:5      | Noticed Edmund
  6910 | D:5      | Killed Edmund
  6910 | D:5      | Reached skill level 1 in Evocations
  6979 | D:5      | Found Zoinu's Distillery.
  6982 | D:5      | Bought a potion of degeneration for 11 gold pieces
  6982 | D:5      | Bought a potion of lignification for 33 gold pieces
  6982 | D:5      | Bought a potion of mutation for 27 gold pieces
  6993 | D:6      | Found a sparkling altar of Nemelex Xobeh.
  7032 | D:6      | Noticed Menkaure
  7038 | D:6      | Killed Menkaure
  8037 | D:7      | Found Abbyczid's Book Boutique.
  8384 | D:7      | Noticed a two-headed ogre
  8389 | D:7      | Killed a two-headed ogre
  8438 | D:7      | Found a white marble altar of Elyvilon.
  8742 | D:7      | Offered knowledge of Searing Ray by Vehumet.
  8781 | D:7      | Found a runed door.
  8879 | D:7      | Noticed Crazy Yiuf
  8881 | D:7      | Killed Crazy Yiuf
  8881 | D:7      | Reached ** piety under Vehumet
  8965 | D:8      | Noticed a hornet
  8972 | D:8      | Killed a hornet
  9015 | D:8      | Reached XP level 10. HP: 41/56 MP: 16/21
  9402 | D:8      | Found a staircase to the Lair.
  9478 | Lair:1   | Entered Level 1 of the Lair of Beasts
  9478 | Lair:1   | Found a labyrinth entrance.
  9487 | Lair:1   | Noticed a black mamba
  9494 | Lair:1   | Killed a black mamba
  9502 | Lab      | Entered a labyrinth
 10555 | Lab      | Noticed a minotaur
 10592 | Lab      | Reached skill level 8 in Spellcasting
 10602 | Lab      | Offered knowledge of Static Discharge by Vehumet.
 10677 | Lab      | Mangled by a minotaur

Skill      XL: |  1  2  3  4  5  6  7  8  9 10 |
---------------+-------------------------------+-----
Earth Magic    | 4 5 6 7 |  7.7
Spellcasting   | 3 4 5 6 7 8 |  8.0
Conjurations   | 1 2 3 4 5 6 |  6.3
Armour         | 1 2 3 4 |  4.3
Fighting       | 2 3 4 |  4.0
Dodging        | 2 3 |  3.8
Shields        | 2 3 |  3.7
Maces & Flails | 1 2 3 |  3.4
Evocations     | 2 |  2.7
Short Blades   | |  0.1
Stealth        | |  2.1
Transmutations | |  0.7

Action                   |  1- 3 |  4- 6 |  7- 9 | 10-12 || total
-------------------------+-------+-------+-------+-------++-------
Melee: Dagger            |    66 |       |       |       ||    66
       Flail             |     8 |    44 |    54 |     4 ||   110
       Whip              |       |       |    21 |    29 ||    50
 Cast: Sandblast         |    58 |    60 |   207 |    46 ||   371
       Stone Arrow       |       |    20 |    59 |    34 ||   113
Evoke: Wand              |       |       |       |     3 ||     3
  Use: Scroll            |       |       |     6 |     3 ||     9
       Potion            |       |       |     2 |     2 ||     4
 Stab: Sleeping          |     6 |     1 |     6 |     1 ||    14
       Distracted        |       |       |     3 |       ||     3
  Eat: Chunk             |     4 |     7 |    17 |     2 ||    30
       Pizza             |       |       |       |     2 ||     2
Armor: Robe              |    29 |    38 |   149 |    32 ||   248
       Skin              |       |       |     2 |       ||     2
Dodge: Dodged            |    56 |    64 |   188 |    47 ||   355
